 Dungeon Crawl Stone Soup version 0.30-b1-2-g02819fbbbe (webtiles) character file.

Game seed: 13991063801407377280

21 Arzdou the Digger (level 2, -1/17 HPs)
             Began as an Octopode Earth Elementalist on June 1, 2023.
             Killed from afar by Terence (18 damage)
             ... with a bolt of dispelling energy
             ... on level 2 of the Dungeon.
             The game lasted 00:01:21 (885 turns).

Arzdou the Digger (Octopode Earth Elementalist)      Turns: 885, Time: 00:01:22

Health: -1/17      AC:  1    Str:  7    XL:     2   Next: 87%
Magic:  3/5        EV: 13    Int: 17    God:
Gold:   15         SH:  0    Dex: 12    Spells: 4/5 levels left

rFire   . . .        (no weapon)
rCold   . . .        (no shield)
rNeg    . . .        (helmet restricted)
rPois   .            (no amulet)
rElec   .            (no ring)
rCorr   .            (no ring)
SInv    .            (no ring)
Will    .....        (no ring)
Stlth   +++          (no ring)
HPRegen 0.22/turn    (no ring)
MPRegen 0.09/turn    (no ring)
                     (no ring)

%: no passive effects
@: no status effects
A: almost no armour, amphibious, 8 rings, camouflage 1, gelatinous body 1,
(nimble swimmer 1), tentacles
a: no special abilities


You were on level 2 of the Dungeon.
You visited 1 branch of the dungeon, and saw 2 of its levels.

You collected 15 gold pieces.

Inventory:

Missiles
 b - 6 poisoned darts
Scrolls
 e - 3 scrolls of identify {unknown}
 f - a scroll of magic mapping {unknown}
Potions
 a - a potion of magic
 c - a potion of curing {unknown}
 d - a potion of might {unknown}


   Skills:
 - Level 2.2 Dodging
 - Level 3.1 Stealth
 - Level 2.1 Spellcasting
 - Level 1.3 Transmutations
 + Level 3.3 Earth Magic


You had 4 spell levels left.
You knew the following spells:

 Your Spells              Type           Power      Damage    Failure   Level
a - Sandblast             Erth           26%        2d8       4%          1

Your spell library contained the following spells:

 Spells                   Type           Power      Damage    Failure   Level
 Passwall                 Tmut/Erth      7%         N/A       11%         2
 Stone Arrow              Conj/Erth      14%        3d7       28%         3
 Call Canine Familiar     Summ           1%         N/A       50%         3
 Frozen Ramparts          Ice            2%         1d1       50%         3
 Inner Flame              Hex/Fire       1%         N/A       50%         3
 Portal Projectile        Hex/Tloc       2%         N/A       50%         3
 Petrify                  Tmut/Erth      9%         N/A       58%         4
 Leda's Liquefaction      Hex/Erth       3%         N/A       67%         4
 Ice Form                 Ice/Tmut       4%         N/A       82%         4
 Summon Ice Beast         Ice/Summ       1%         N/A       88%         4
 Yara's Violent Unravell  Hex/Tmut       2%         3d3       99%         5
 Enfeeble                 Hex            0%         N/A       100%        7


Dungeon Overview and Level Annotations

Branches:
Dungeon (2/15)

Altars:

Annotations:
D:2 Terence


Innate Abilities, Weirdness & Mutations

You cannot wear most types of armour.
You are amphibious.
You can wear up to eight rings at the same time.
Your skin changes colour to match your surroundings (Stealth+).
Your rubbery body absorbs attacks. (AC +1, EV +1)
((You are camouflaged when in or above water. (Stealth+)))
You have tentacles for arms and can constrict up to eight enemies at once.


Message History

You pick up a book of Rime and begin reading...
You add the spells Frozen Ramparts, Ice Form and Summon Ice Beast to your library.
You open the door.
A dart slug comes into view.
There is an open door here.
The blast of sand hits the dart slug!
The dart slug is severely wounded.
A dart slug is nearby!
The blast of sand hits the dart slug!
You kill the dart slug!
A hobgoblin comes into view.
The hobgoblin shouts!
Found a stone staircase leading down.
You miscast Sandblast.
You are very lightly contaminated with residual magic.
Nothing appears to happen.
A hobgoblin is nearby!
The blast of sand hits the hobgoblin!
You kill the hobgoblin!
Your magical contamination has completely faded away.
f - a scroll labelled CORHAI XEMAGIEPN
e - 3 scrolls labelled QYAKHI XUVO (gained 1) Done exploring.
Done exploring.
There is a stone staircase leading down here.
You climb downwards.
Found a smoky red potion and a leather armour.
Found an escape hatch in the ceiling.
There is a stone staircase leading up here.
The blast of sand hits the hobgoblin.
The hobgoblin is severely wounded.
The hobgoblin shouts!
Terence shouts!
The hobgoblin closely misses you.
Terence zaps a wand.
The bolt of dispelling energy misses you.
The blast of sand hits the hobgoblin.
You kill the hobgoblin!
Terence zaps a wand.
The bolt of dispelling energy hits you!!
Ouch! That really hurt!
You die...

..#### .... .
.<..@.# .....
.## ........#
......#.###
.......!..#####
.......@.......
######[...###..
#.......
#.....###
#.....# #......
..#..... #.
.####.


You could see Terence.

Vanquished Creatures
  A dart slug (D:1)
  A giant cockroach (D:1)
  4 hobgoblins
  A kobold (D:1)
  4 ball pythons (D:1)
  2 bats (D:1)
  2 frilled lizards (D:1)
  2 goblins (D:1)
  3 rats (D:1)
20 creatures vanquished.

Notes
Turn   | Place    | Note
-------+----------+-------------------------------------------
     0 | D:1      | Arzdou the Octopode Earth Elementalist began the quest for
                  | the Orb.
     0 | D:1      | Reached XP level 1. HP: 11/11 MP: 3/3
   264 | D:1      | Reached XP level 2. HP: 17/17 MP: 3/5
   883 | D:2      | Noticed Terence
   885 | D:2      | Killed from afar by Terence

Illustrated notes

Levels and vault maps discovered:
D:1:      ncdulo_halloftheorcs, layout_basic
D:2:      layout_basic, kennysheep_generic_room_10, uniq_terence

Skill      XL: |  1  2 |
---------------+-------+-----
Stealth        | 3 |  3.1
Dodging        | |  2.2
Spellcasting   | |  2.1
Transmutations | |  1.3
Earth Magic    | |  3.3

Action                     || total
---------------------------++-------
   Cast: Sandblast         ||    26
 Armour: Skin              ||     2
  Dodge: Dodged            ||     6
